 Dungeon Crawl Stone Soup version 0.24.0-13-gcf9b319 (webtiles) character file.

Game seed: 17078842897393972698, levelgen mode: deterministic

76 Bronimir the Firebug (level 4, -6/24 HPs)
             Began as a Tengu Fire Elementalist on Apr 19, 2020.
             Mangled by Sigmund
             ... wielding a +0 scythe
              (7 damage)
             ... on level 2 of the Dungeon.
             The game lasted 00:04:44 (2328 turns).

Bronimir the Firebug (Tengu Fire Elementalist)      Turns: 2328, Time: 00:04:45

Health: -6/24      AC:  3    Str:  8    XL:     4   Next: 32%
Magic:  1/8        EV: 12    Int: 16    God:
Gold:   56         SH:  4    Dex: 15    Spells: 2/8 levels left

rFire    . . .     SeeInvis .   a - +0 spear
rCold    . . .     Gourm    .   d - +0 buckler
rNeg     . . .     Faith    .   e - +0 robe
rPois    .         Spirit   .   (helmet restricted)
rElec    .         Reflect  .   q - +0 cloak
rCorr    .         Harm     .   (no gloves)
MR       .....                  (boots unavailable)
Stlth    ++........             j - amulet of inaccuracy (curse)
HPRegen  0.08/turn              (no ring)
MPRegen  0.11/turn              (no ring)

@: very slightly contaminated
A: beak, talons 3
a: no special abilities


You were on level 2 of the Dungeon.
You were not hungry.

You visited 1 branch of the dungeon, and saw 2 of its levels.

You collected 56 gold pieces.

Inventory:

Hand Weapons
 a - a +0 spear (weapon)
 g - a +0 hand axe
 r - a cursed +0 hunting sling
 w - a +0 quarterstaff
Missiles
 b - 17 poisoned darts (quivered)
 h - 39 arrows
 m - 42 stones
Armour
 d - a +0 buckler (worn)
 e - a +0 robe (worn)
 l - a +0 shield
 q - a +0 cloak (worn)
Jewellery
 j - a cursed amulet of inaccuracy (around neck)
Scrolls
 f - a scroll of fear {unknown}
 k - 5 scrolls of identify {unknown}
 n - a scroll of teleportation {unknown}
 u - a scroll of enchant armour {unknown}
Potions
 i - 2 potions of agility
 o - a potion of ambrosia {unknown}
 p - 2 potions of might {unknown}
 s - a potion of invisibility {unknown}
 t - a potion of mutation {unknown}
 v - a potion of degeneration {unknown}
Comestibles
 c - 3 rations
 x - 2 chunks of flesh


   Skills:
 * Level 0.8 Fighting
 * Level 0.3 Polearms
 * Level 1.1 Armour
 + Level 2.3 Dodging
 - Level 2.0 Stealth
 * Level 1.0 Shields
 * Level 2.5 Spellcasting
 * Level 2.4 Conjurations
 * Level 3.9 Fire Magic


You had 2 spell levels left.
You knew the following spells:

 Your Spells              Type           Power        Failure   Level  Hunger
a - Flame Tongue          Conj/Fire      ##...        8%          1    #......
b - Throw Flame           Conj/Fire      ##....       12%         2    ##.....
c - Conjure Flame         Conj/Fire      ##......     22%         3    ###....

Your spell library contained the following spells:

 Spells                   Type           Power        Failure   Level  Hunger
 Inner Flame              Hex/Fire       #.......     36%         3    ###....
 Sticky Flame             Conj/Fire      ##......     58%         4    #####..
 Fireball                 Conj/Fire      ##........   91%         5    ######.


Dungeon Overview and Level Annotations

Branches:
Dungeon (2/15)

Altars:

Annotations:
D:2 Sigmund


Innate Abilities, Weirdness & Mutations

You have a beak for a mouth.
You have claws for feet.


Message History

Confirm with . or Enter, or press ? or * to list all spells.
Aiming: Flame Tongue (safe; 8% risk of failure)
Press: ? - help, Shift-Dir - straight line The flame tongue hits something.
There's nothing to close nearby.
Evoke which item? (* to show all) (? for menu, Esc to quit)
Okay, then.
Evoke which item? (* to show all) (? for menu, Esc to quit)
Okay, then.
Casting: Flame Tongue (safe; 8% risk of failure)
Confirm with . or Enter, or press ? or * to list all spells.
You can't see any susceptible monsters within range! (Use Z to cast anyway.)
Casting: Flame Tongue (safe; 8% risk of failure)
Confirm with . or Enter, or press ? or * to list all spells.
Aiming: Flame Tongue (safe; 8% risk of failure)
Press: ? - help, Shift-Dir - straight line You miscast Flame Tongue.
Nothing appears to happen.
Something hits you!
* * * LOW HITPOINT WARNING * * *
Something hits you!
You die...

#...............##.###
#...#.##.#.###.###.#
#####.##...# #.....#
#####.####.###.#####
#.....####.....#
#.###.........##
#.###.###.#####...#
#...รท..)#.# #...# #####
#<#.#@# #...# ......
###.#.#.#####...##......
#.......{...............
#.......................
#..#####................
#..# ######...##......
#..# #.....)........
#..# #..............
###.####..#
#.....)........


There were no monsters in sight!

Vanquished Creatures
  4 adders
  An ooze (D:2)
  A worm (D:2)
  3 giant cockroaches (D:1)
  3 hobgoblins
  5 jackals (D:1)
  A quokka (D:2)
  3 bats
  A frilled lizard (D:1)
  4 goblins
  4 kobolds (D:1)
  6 rats
36 creatures vanquished.

Notes
Turn   | Place    | Note
-------+----------+-------------------------------------------
     0 | D:1      | Bronimir the Tengu Fire Elementalist began the quest for
                  | the Orb.
     0 | D:1      | Reached XP level 1. HP: 10/10 MP: 4/4
   180 | D:1      | Reached XP level 2. HP: 14/15 MP: 4/6
   516 | D:1      | Learned a level 2 spell: Throw Flame
  1297 | D:2      | Reached XP level 3. HP: 20/20 MP: 0/7
  1686 | D:2      | Learned a level 3 spell: Conjure Flame
  1914 | D:2      | Reached skill level 1 in Shields
  2094 | D:2      | Reached skill level 1 in Armour
  2094 | D:2      | Reached XP level 4. HP: 24/24 MP: 5/8
  2101 | D:2      | Noticed Sigmund
  2327 | D:2      | HP: 1/24 [something (11)]
  2328 | D:2      | Mangled by Sigmund

Levels and vault maps discovered:
D:1:      ebering_hopf_link, layout_basic
D:2:      layout_loops_cross, uniq_sigmund

Skill      XL: |  1  2  3 |
---------------+----------+-----
Conjurations   | 2 |  2.4
Shields        | 1 |  1.0
Armour         | 1 |  1.1
Fighting       | |  0.8
Polearms       | |  0.3
Dodging        | |  2.3
Stealth        | |  2.0
Spellcasting   | |  2.5
Fire Magic     | |  3.9

Action                   |  1- 3 |  4- 6 || total
-------------------------+-------+-------++-------
Melee: Spear             |    65 |       ||    65
       Kick              |     8 |       ||     8
       Peck              |     6 |       ||     6
 Cast: Flame Tongue      |    50 |     9 ||    59
       Throw Flame       |     3 |       ||     3
  Use: Potion            |     2 |       ||     2
 Stab: Sleeping          |     3 |       ||     3
  Eat: Chunk             |     4 |     1 ||     5
Armor: Robe              |    17 |     2 ||    19
       Skin              |     5 |       ||     5
Dodge: Dodged            |    46 |     7 ||    53
Block: Buckler           |    14 |     1 ||    15
